 Dungeon Crawl Stone Soup version 0.18.1-2-ga659475 (webtiles) character file.

1466 Chiseanne the Fighter (level 8, -25/81 (82) HPs)
             Began as a Ghoul Earth Elementalist on May 8, 2016.
             Annihilated by a hill giant
             ... wielding a cursed -3 giant spiked club
              (28 damage)
             ... on level 6 of the Dungeon.
             The game lasted 00:14:20 (5419 turns).

Chiseanne the Fighter (Ghoul Earth Elementalist)    Turns: 5419, Time: 00:14:21

HP:   -25/81 (82)   AC: 14    Str: 12    XL:     8   Next: 77%
MP:   9/9           EV:  5    Int: 10    God:
Gold: 300           SH:  0    Dex: 11    Spells: 0 memorised, 10 levels left

rFire  . . .     SeeInvis .     a - +2 dagger (distort)
rCold  + . .     Gourm    .     l - +0 chain mail
rNeg   + + +     Faith    .     (no shield)
rPois  ∞         Spirit   .     q - +2 helmet
rElec  .         Dismiss  .     i - +0 cloak
rCorr  .         Reflect  .     e - +1 pair of gloves
SustAt .         Harm     .     (no boots)
MR     .....                    p - amulet of regeneration
Stlth  ..........               (no ring)
                                (no ring)

@: rotting, not resistant to hostile enchantments, extremely unstealthy
A: rotting body, claws 1, carnivore 3, cold resistance 1, negative energy
resistance 3, slow regeneration 1, torment resistance, unbreathing
a: no special abilities


You were on level 6 of the Dungeon.
You were not hungry.

You visited 1 branch of the dungeon, and saw 6 of its levels.

You collected 300 gold pieces.

Inventory:

Hand Weapons
 a - a +2 dagger of distortion (weapon)
 j - a +0 hunting sling
 s - a +2 dagger of venom
 z - a +1 mace of crushing
Missiles
 b - 226 stones (quivered)
 f - 18 bolts
 h - 8 needles of confusion
 m - 33 sling bullets
 n - 5 tomahawks
 w - 16 poisoned needles
 y - 23 arrows
Armour
 e - a +1 pair of gloves (worn)
 i - a +0 cloak (worn)
 l - a +0 chain mail (worn)
 q - a +2 helmet (worn)
Jewellery
 p - an amulet of regeneration (around neck)
 u - an uncursed ring of protection from cold {unknown}
Wands
 r - a wand of acid (0/15)
 A - a wand of acid (3/15)
Scrolls
 o - 4 scrolls of blinking
 t - a scroll of teleportation
 x - a scroll of remove curse
Potions
 k - 2 potions of curing
Books
 c - a book of Geomancy

   Spells                             Type                      Level
   a - Sandblast                      Earth                        1
   b - Passwall                       Transmutation/Earth          2
   c - Stone Arrow                    Conjuration/Earth            3
   d - Petrify                        Transmutation/Earth          4
   e - Lee's Rapid Deconstruction     Earth                        5
Comestibles
 d - 5 meat rations
 g - 5 beef jerkies
 v - a slice of pizza
 B - a royal jelly


   Skills:
 + Level 11.3 Fighting
 - Level 1.7 Dodging
 - Level 2.1 Stealth
 - Level 1.7 Spellcasting
   Level 0.8 Transmutations
   Level 3.2 Earth Magic


You had 10 spell levels left.
You didn't know any spells.

Dungeon Overview and Level Annotations

Branches:
Dungeon (6/15)             Temple (0/1) D:6

Altars:
Cheibriados
Gozag
Nemelex Xobeh
Qazlal
Ru
Trog
Vehumet

Annotations:
D:6 Dowan


Innate Abilities, Weirdness & Mutations

Your body is rotting away.
You thrive on raw meat.
You are immune to poison.
You have sharp fingernails.
You are carnivorous and can eat meat at any time.
Your flesh is cold resistant.
You are immune to negative energy.
You regenerate slowly when monsters are visible.
You are immune to unholy pain and torment.
You can survive without breathing.


Message History

The hill giant is severely wounded.
The hill giant hits you with a giant spiked club.
* * * LOW HITPOINT WARNING * * *
You hit the hill giant.
Space bends around the hill giant.
The hill giant is severely wounded.
Your chain mail prevents you from hitting the hill giant.
The hill giant is severely wounded.
The hill giant hits you with a giant spiked club!
* * * LOW HITPOINT WARNING * * *
Dowan, Brother of Duvessa comes into view.
He is wielding a dagger.
Evoke which item? (* to show all) (? for menu, Esc to quit)
Zapping:
A - a wand of acid (will waste charges)
Press: ? - help, Shift-Dir - straight line, f - Dowan, p - hill giant
Aim: Dowan, wielding a dagger and wearing a robe The bolt of acid hits the hill giant.
The hill giant is almost dead.
The bolt of acid misses Dowan.
Evoking this partially-identified wand wasted a few charges.
The hill giant hits you with a giant spiked club!!
You die...

#..# ###..## ##..#
###.....###
##.e.#####..........
##.....##..####......
#.........## #......
#.##...##### ##.....
##[....# #..#..
#C##...# #..#.. #@#
.....# #..#.. #.#
..PP.# #..... #.#
..>P.# .... #.#
...P.# ..# ...PP..
.## ##..... #


You could see a hill giant and Dowan.

Vanquished Creatures
  Sigmund (D:4)
  A sky beast (D:6)
  An ice beast (D:5)
  An ogre (D:6)
  A water moccasin skeleton (D:6)
  A howler monkey (D:4)
  A hound (D:5)
  2 jellies
  5 orc priests
  A giant frog skeleton (D:4)
  5 orc wizards
  A centaur skeleton (D:6)
  5 worker ants
  Ijyb (D:3)
  A hound skeleton (D:5)
  6 adders
  A shadow imp (D:5)
  An ooze (D:3)
  2 adder skeletons
  A worm (D:2)
  4 dart slugs
  3 giant geckos
  23 orcs
  8 giant cockroaches
  7 goblins
  7 hobgoblins
  6 jackals (D:3)
  11 kobolds
  A quokka (D:5)
  14 bats
  6 giant newts
  A quokka skeleton (D:4)
  3 rats
133 creatures vanquished.

Vanquished Creatures (others)
  A scorpion (D:4)
  2 giant frog zombies (D:5)
  A hound (D:4)
  An orc priest (D:5)
  2 orc wizards (D:4)
  An adder (D:5)
  A worm (D:3)
  3 orcs
  A hobgoblin (D:3)
  A bat (D:3)
14 creatures vanquished.

Grand Total: 147 creatures vanquished

Notes
Turn   | Place    | Note
--------------------------------------------------------------
     0 | D:1      | Chiseanne the Ghoul Earth Elementalist began the quest for the Orb.
     0 | D:1      | Reached XP level 1. HP: 14/14 MP: 2/2
   102 | D:1      | Reached skill level 1 in Fighting
   164 | D:2      | Reached XP level 2. HP: 11/24 MP: 0/3
   196 | D:2      | Reached skill level 2 in Fighting
   523 | D:1      | Reached XP level 3. HP: 29/29 MP: 0/4
   682 | D:1      | Reached skill level 3 in Fighting
  1314 | D:2      | Reached XP level 4. HP: 40/40 MP: 5/5
  1364 | D:2      | Reached skill level 4 in Fighting
  1451 | D:2      | Found a snail-covered altar of Cheibriados.
  1853 | D:2      | Found a sparkling altar of Nemelex Xobeh.
  1854 | D:2      | Found a sacrificial altar of Ru.
  1912 | D:3      | Noticed Ijyb
  1924 | D:3      | Killed Ijyb
  1924 | D:3      | Reached skill level 5 in Fighting
  1924 | D:3      | Reached XP level 5. HP: 45/48 MP: 6/6
  2486 | D:3      | Found a bloodstained altar of Trog.
  2758 | D:3      | Found an opulent altar of Gozag.
  2860 | D:4      | Reached skill level 6 in Fighting
  2864 | D:4      | Reached XP level 6. HP: 57/57 MP: 7/7
  3027 | D:4      | Got an encrusted leather armour
  3109 | D:4      | Noticed Sigmund
  3142 | D:4      | Killed Sigmund
  3142 | D:4      | Reached skill level 7 in Fighting
  3142 | D:4      | Reached XP level 7. HP: 54/67 MP: 8/8
  3277 | D:4      | Reached skill level 8 in Fighting
  3740 | D:5      | Entered Level 5 of the Dungeon
  3756 | D:5      | Reached skill level 9 in Fighting
  3990 | D:5      | Reached XP level 8. HP: 72/78 MP: 9/9
  4080 | D:5      | Reached skill level 10 in Fighting
  4103 | D:5      | Identified the +1 leather armour of Intuition {rPois Str+3 Dex-5} (You found it on level 4 of the Dungeon)
  4216 | D:5      | Found a radiant altar of Vehumet.
  4838 | D:6      | Found a stormy altar of Qazlal.
  5154 | D:6      | Reached skill level 11 in Fighting
  5403 | D:6      | Found a staircase to the Ecumenical Temple.
  5407 | D:6      | Noticed a hill giant
  5415 | D:6      | HP: 2/81 [hill giant/giant spiked club (9)]
  5416 | D:6      | Noticed Dowan
  5419 | D:6      | Annihilated by a hill giant

Skill      XL: |  1  2  3  4  5  6  7  8 |
---------------+-------------------------+-----
Fighting       | 1 2 3 5 6 7 9 11 | 11.3
Dodging        | |  1.7
Stealth        | |  2.1
Spellcasting   | |  1.7
Transmutations | |  0.8
Earth Magic    | |  3.2

Action                   |  1- 3 |  4- 6 |  7- 9 || total
-------------------------+-------+-------+-------++-------
Melee: Dagger            |   124 |   170 |   263 ||   557
 Cast: Sandblast         |    28 |       |       ||    28
Evoke: Wand              |       |       |     3 ||     3
  Use: Potion            |     2 |       |     1 ||     3
       Scroll            |     5 |     3 |     3 ||    11
 Stab: Sleeping          |     3 |     2 |       ||     5
  Eat: Chunk             |    25 |    13 |    16 ||    54
Armor: Robe              |    49 |     4 |       ||    53
       Chain mail        |       |    92 |   170 ||   262
Dodge: Dodged            |   123 |    47 |    40 ||   210
